 Dungeon Crawl Stone Soup version 0.19-a0-958-gd69d43c (webtiles) character file.

7784 Magifyre the Fighter (level 11, -1/74 HPs)
             Began as a Gargoyle Berserker on July 9, 2016.
             Was a Priest of Trog.
             Killed from afar by a gargoyle (20 damage)
             ... with a stone arrow
             ... on level 10 of the Dungeon on July 11, 2016.
             The game lasted 00:38:21 (9235 turns).

Magifyre the Fighter (Gargoyle Berserker)           Turns: 9235, Time: 00:38:21

Health: -1/74      AC: 25    Str: 24    XL:     11   Next: 20%
Magic:  11/11      EV:  3    Int:  8    God:    Trog [***...]
Gold:   449        SH: 12    Dex:  9    Spells: 0 memorised, 10 levels left

rFire  . . .     SeeInvis .     a - +1 hand axe
rCold  . . .     Gourm    .     x - +0 plate armour
rNeg   + . .     Faith    +     w - +0 large shield
rPois  ∞         Spirit   .     (no helmet)
rElec  +         Dismiss  .     (no cloak)
rCorr  +         Reflect  .     h - +0 pair of gloves
SustAt .         Harm     .     j - +0 pair of boots
MR     .....                    y - amulet of faith
Stlth  ..........               (no ring)
                                B - ring of resist corrosion

@: exhausted, slowed, very slow, not resistant to hostile enchantments,
extremely unstealthy
A: negative energy resistance 1, electricity resistance, unbreathing,
petrification resistance, rot immunity, AC +7
a: Berserk, Trog's Hand, Burn Spellbooks, Renounce Religion


You were on level 10 of the Dungeon.
You worshipped Trog.
Trog was most pleased with you.
You were very hungry.

You visited 1 branch of the dungeon, and saw 10 of its levels.

You collected 449 gold pieces.

Inventory:

Hand Weapons
 a - a +1 hand axe (weapon)
 p - a +2 vampiric whip
Armour
 h - a +0 pair of gloves (worn)
 j - a +0 pair of boots (worn)
 o - a +1 chain mail of magic resistance
 w - a +0 large shield (worn)
 x - a +0 plate armour (worn)
Jewellery
 y - an amulet of faith (around neck)
 B - a ring of resist corrosion (left hand)
Scrolls
 b - a scroll of fog
 i - a scroll of enchant weapon
 t - a scroll of enchant armour
 z - a scroll of blinking {unknown}
 A - a scroll of recharging
 C - 2 scrolls of remove curse {unknown}
 G - a scroll of random uselessness {unknown}
 I - a scroll of identify
Potions
 d - 6 potions of heal wounds
 f - 5 potions of might
 g - 3 potions of mutation {unknown}
 k - 2 potions of invisibility
 l - a potion of agility
 r - a potion of brilliance {unknown}
 s - a potion of resistance {unknown}
 v - 3 potions of magic {unknown}
 D - 2 potions of haste {unknown}
Books
 F - a book of Death

   Spells                             Type                      Level
   a - Corpse Rot                     Necromancy                   2
   b - Sublimation of Blood           Necromancy                   2
   c - Agony                          Necromancy                   5
   d - Dispel Undead                  Necromancy                   5
   e - Excruciating Wounds            Charms/Necromancy            5
   f - Bolt of Draining               Conjuration/Necromancy       5
   Trog disapproves of the use of such an item.
Comestibles
 c - 9 bread rations
 m - 3 fruits
 n - a slice of pizza
 q - 3 meat rations
 u - 3 beef jerkies
 E - a chunk of flesh


   Skills:
 + Level 11.0 Fighting
 + Level 9.6 Axes
 + Level 10.8 Armour
 - Level 1.5 Dodging


You had 10 spell levels left.
You didn't know any spells.

Dungeon Overview and Level Annotations

Branches:
Dungeon (10/15)            Temple (0/1) D:4            Lair (0/6) D:10
    Orc (0/2) D:10

Altars:
Cheibriados
Fedhas
Hepliaklqana
Okawaru
Ru
Sif Muna
Vehumet
Yredelemnul
Zin
The Shining One

Shops:
D:5 *

Annotations:
D:10 Fannar, Grum


Innate Abilities, Weirdness & Mutations

You are resistant to torment.
Your stone body is resilient. (AC +7)
You are immune to poison.
You resist negative energy. (rN+)
You are resistant to electric shocks. (rElec)
You can survive without breathing.
You are immune to petrification.
You are immune to rotting.


Message History

You struggle against the net.
You feel the effects of Trog's Hand fading.
The orc wizard hits you but does no damage.
Fannar hits you but does no damage. The orc hits you but does no damage.
The orc wizard hits you but does no damage.
You struggle against the net.
Your surroundings suddenly seem different.
A gargoyle comes into view. It is wielding a flail.
The gargoyle hurls a stone arrow at you.
The stone arrow hits you!
The gargoyle hurls a stone arrow at you.
The stone arrow misses you.
The gargoyle hurls a stone arrow at you.
The stone arrow hits you!
* * * LOW HITPOINT WARNING * * *
Your skin stops crawling.
You feel less resistant to hostile enchantments.
The gargoyle hurls a stone arrow at you.
The stone arrow hits you!
You die...

..#.....# ..#.....#
#....# ..#..(..#...
#....#
..#..(..##'#####....####
#.....5...............
#....o................
'##)5F######............
...YoC# #..9.........
...eo(# #....@.......
....Y.# #....########
....Y.# #....#
................#
......###...#####
#.....# ### #.....#
#.....#


You could see a gargoyle.

Vanquished Creatures
  Erica (D:8)
  A hill giant (D:9)
  A centaur zombie (D:10)
  A gargoyle (D:10)
  A centaur skeleton (D:9)
  A two-headed ogre (D:7)
  2 trolls (D:9)
  Grinder (D:6)
  Sigmund (D:6)
  A spriggan (D:9)
  2 hippogriffs
  Menkaure (D:4)
  3 wargs (D:9)
  Edmund (D:4)
  Duvessa (D:6)
  A water moccasin (D:9)
  2 sky beasts
  2 black bears (D:9)
  2 orc warriors
  An eye of draining (D:9)
  An ice beast (D:9)
  2 wolves (D:9)
  An ogre (D:5)
  2 phantoms
  5 centaurs
  A giant frog (D:7)
  2 big kobolds
  Dowan (D:5)
  2 scorpions
  3 killer bees
  8 howler monkeys
  A crimson imp (D:9)
  2 giant frog zombies
  A quasit (D:8)
  2 jellies
  6 orc priests
  A hound (D:6)
  11 orc wizards
  4 iguanas
  7 worker ants
  A hound zombie (D:8)
  A hound skeleton (D:5)
  2 worker ant zombies
  10 adders
  4 shadow imps
  2 adder skeletons
  2 worms
  A dart slug (D:1)
  4 giant geckos
  29 orcs
  3 giant cockroaches (D:3)
  6 goblins
  5 hobgoblins
  13 jackals
  3 quokkas
  4 ball pythons
  7 bats
  A giant gecko skeleton (D:7)
  4 giant newts
  17 kobolds
  A quokka skeleton (D:5)
  8 rats
218 creatures vanquished.

Vanquished Creatures (others)
  An orc (D:8)
  A quokka (D:8)
2 creatures vanquished.

Grand Total: 220 creatures vanquished

Notes
Turn   | Place    | Note
-------+----------+-------------------------------------------
     0 | D:1      | Magifyre the Gargoyle Berserker began the quest for the Orb.
     0 | D:1      | Reached XP level 1. HP: 14/14 MP: 1/1
     0 | D:1      | Upgraded the game from 0.19-a0-953-g1ce7b77 to 0.19-a0-958-gd69d43c
   364 | D:1      | Reached XP level 2. HP: 19/19 MP: 2/2
  1189 | D:1      | Reached XP level 3. HP: 24/24 MP: 3/3
  1292 | D:2      | Reached ** piety under Trog
  1492 | D:2      | Reached XP level 4. HP: 29/29 MP: 4/4
  1656 | D:3      | Reached skill level 4 in Fighting
  1857 | D:3      | Found a faded altar of an unknown god.
  1920 | D:3      | Reached XP level 5. HP: 25/33 MP: 5/5
  2274 | D:4      | Reached *** piety under Trog
  2300 | D:4      | Noticed Edmund
  2315 | D:4      | Killed Edmund
  2315 | D:4      | Reached XP level 6. HP: 40/40 MP: 6/6
  2385 | D:4      | Reached skill level 5 in Fighting
  2781 | D:4      | Found a staircase to the Ecumenical Temple.
  2813 | D:4      | Noticed Menkaure
  2821 | D:4      | Killed Menkaure
  2821 | D:4      | Reached skill level 5 in Armour
  2821 | D:4      | Reached XP level 7. HP: 44/44 MP: 7/7
  2906 | D:4      | Found a radiant altar of Vehumet.
  2981 | D:5      | Entered Level 5 of the Dungeon
  3249 | D:5      | Found a glowing silver altar of Zin.
  3250 | D:5      | Found Zin's Purification Station.
  3384 | D:5      | Found a deep blue altar of Sif Muna.
  3410 | D:5      | Reached skill level 5 in Axes
  3582 | D:5      | Found a sacrificial altar of Ru.
  3670 | D:5      | Reached skill level 6 in Fighting
  3856 | D:6      | Noticed Duvessa
  3858 | D:6      | Noticed Dowan
  3865 | D:6      | Noticed Sigmund
  3872 | D:6      | Killed Duvessa
  3872 | D:6      | Reached XP level 8. HP: 45/52 MP: 8/8
  3875 | D:6      | Noticed Grinder
  4124 | D:5      | Killed Dowan
  4270 | D:5      | Reached skill level 7 in Fighting
  4443 | D:6      | Killed Sigmund
  4681 | D:6      | Reached XP level 9. HP: 46/58 MP: 9/9
  4844 | D:6      | Killed Grinder
  4844 | D:6      | Reached skill level 8 in Fighting
  4949 | D:6      | Found a hazy altar of Hepliaklqana.
  5482 | D:7      | Found a blossoming altar of Fedhas.
  5659 | D:7      | Found a basalt altar of Yredelemnul.
  5968 | D:7      | Found a glowing golden altar of the Shining One.
  6519 | D:8      | Got a bloodstained leather armour
  6520 | D:8      | Reached **** piety under Trog
  6649 | D:8      | Identified the +2 leather armour of the Soldier {Str+3 Int+2} (You found it on level 8 of the Dungeon)
  6779 | D:8      | Noticed Erica
  6779 | D:8      | Noticed a two-headed ogre
  6815 | D:7      | Killed a two-headed ogre
  6815 | D:7      | Reached skill level 9 in Fighting
  7033 | D:8      | Killed Erica
  7033 | D:8      | Reached XP level 10. HP: 31/66 MP: 10/10
  7728 | D:9      | Found a snail-covered altar of Cheibriados.
  7749 | D:9      | Found an iron altar of Okawaru.
  7877 | D:9      | Reached skill level 10 in Fighting
  8372 | D:10     | Entered Level 10 of the Dungeon
  8444 | D:10     | Found a staircase to the Lair.
  8446 | D:10     | Noticed a hill giant
  8447 | D:10     | Noticed Grum
  8452 | D:10     | Noticed a hill giant
  8576 | D:9      | Reached skill level 10 in Armour
  8587 | D:9      | Killed a hill giant
  8760 | D:9      | Reached XP level 11. HP: 57/73 MP: 11/11
  9121 | D:10     | Reached skill level 11 in Fighting
  9196 | D:10     | Noticed Fannar
  9228 | D:10     | Found a staircase to the Orcish Mines.
  9228 | D:10     | Noticed a centaur warrior
  9235 | D:10     | Killed from afar by a gargoyle

Vault maps used:
D:1:      mrwooster_arrival_statue_3, hangedman_decor_points
D:2:      first_bread
D:3:      ecumenical_altar_1
D:4:      kennysheep_mini, minmay_misc_feat_doors, uniq_edmund, uniq_menkaure
D:5:      nicolae_ru_path_of_blood, zin_purify, led_sif_pool, grunt_tough_drop
D:6:      lemuel_doored_altar, uniq_sigmund, uniq_duvessa, uniq_grinder
D:7:      lemuel_crystal_altar, old_standard_altar, nicolae_tso_carved_into_rock
D:8:      uniq_erica
D:9:      old_standard_altar, kennysheep_little_box, the_bakery
D:10:     erik_lair_orcish_takeover, grunt_ministairs_1, uniq_snorg, uniq_grum,
          uniq_fannar

Skill      XL: |  1  2  3  4  5  6  7  8  9 10 11 |
---------------+----------------------------------+-----
Axes           | 3 4 5 6 8 9 |  9.6
Armour         | 3 4 5 7 9 10 | 10.8
Fighting       | 4 5 6 7 9 10 11 | 11.0
Dodging        | |  1.5

Action                   |  1- 3 |  4- 6 |  7- 9 | 10-12 || total
-------------------------+-------+-------+-------+-------++-------
Melee: Hand axe          |   122 |   209 |   541 |   404 ||  1276
Invok: Berserk           |     1 |     2 |     3 |     3 ||     9
       Trog's Hand       |       |     4 |    12 |     9 ||    25
       Burn Spellbooks   |       |       |     1 |       ||     1
  Use: Scroll            |     5 |     5 |     4 |     3 ||    17
 Stab: Sleeping          |     1 |       |       |       ||     1
  Eat: Chunk             |     3 |     7 |    21 |    15 ||    46
Armor: Animal skin       |    25 |       |       |       ||    25
       Scale mail        |    27 |    93 |       |       ||   120
       Leather armour    |     1 |       |       |       ||     1
       Chain mail        |       |    35 |   162 |       ||   197
       Plate armour      |       |       |   168 |   429 ||   597
Dodge: Dodged            |    99 |    77 |    71 |    45 ||   292
Block: Buckler           |       |    11 |       |       ||    11
       Shield            |       |     6 |   108 |       ||   114
       Large shield      |       |       |   141 |   359 ||   500
